 Dungeon Crawl Stone Soup version 0.20-a0-1018-ge435b50 (webtiles) character file.

45 theAP the Stinger (level 3, 25/26 HPs)
             Began as a Formicid Venom Mage on Apr 17, 2017.
             Got out of the dungeon alive.
             The game lasted 00:05:41 (1245 turns).

theAP the Stinger (Formicid Venom Mage)             Turns: 1245, Time: 00:05:42

Health: 25/26      AC:  6    Str: 13    XL:     3   Next: 90%
Magic:  7/7        EV: 10    Int: 14    God:
Gold:   58         SH:  0    Dex: 11    Spells: 6/7 levels left

rFire    + . .     SeeInvis +   (no weapon)
rCold    . . .     Gourm    .   (no shield)
rNeg     . . .     Faith    .   d - +0 ring mail {rF+}
rPois    .         Spirit   .   (helmet unavailable)
rElec    .         Reflect  .   e - +0 cloak
rCorr    .         Harm     .   f - +2 pair of gloves
MR       .....                  (no boots)
Stlth    +.........             (no amulet)
Regen    0.1/turn               g - -3 ring of protection (curse)
MPRegen  0.1/turn               (no ring)

@: no status effects
A: permanent stasis, dig shafts and tunnels, four strong arms, antennae 3
a: Dig, Shaft Self


You escaped.
You were hungry.

You visited 1 branch of the dungeon, and saw 2 of its levels.

You collected 58 gold pieces.

Inventory:

Armour
 a - a +0 robe
 d - a +0 ring mail of fire resistance (worn)
 e - a +0 cloak (worn)
 f - a +2 pair of gloves (worn)
Jewellery
 g - a cursed -3 ring of protection (left hand)
Wands
 j - a wand of iceblast (4/15)
Scrolls
 i - a scroll of fear {unknown}
 l - a scroll of identify {unknown}
 m - a scroll of remove curse {unknown}
 n - a scroll of enchant weapon {unknown}
 o - a scroll of immolation {unknown}
Potions
 h - a potion of flight {unknown}
 k - 2 potions of brilliance {unknown}
Books
 b - a Young Poisoner's Handbook

   Spells                             Type                      Level
   a - Sting                          Conjuration/Poison           1
   b - Poisonous Vapours              Poison/Air                   2
   c - Mephitic Cloud                 Conjuration/Poison/Air       3
   d - Olgreb's Toxic Radiance        Poison                       4
   e - Venom Bolt                     Conjuration/Poison           5
Comestibles
 c - 3 bread rations


   Skills:
 + Level 1.2 Fighting
 - Level 1.7 Dodging
 - Level 2.4 Stealth
 + Level 2.9 Spellcasting
 - Level 0.8 Conjurations
 * Level 5.0 Poison Magic


You had 6 spell levels left.
You knew the following spells:

 Your Spells              Type           Power        Failure   Level  Hunger
a - Sting                 Conj/Pois      ##..         17%         1    #......


Dungeon Overview and Level Annotations

Branches:
Dungeon (2/15)

Altars:
Wu Jian


Innate Abilities, Weirdness & Mutations

You cannot be hasted, slowed, berserked, paralysed or teleported.
You can dig through walls and to a lower floor.
Your four strong arms can wield two-handed weapons with a shield.
You have a pair of large antennae on your head. (SInv)


Message History

Press: ? - help, Shift-Dir - straight line, f/p - kobold
Aim: a kobold, wielding a short sword The sting hits the kobold.
The kobold is poisoned.
You kill the kobold!
Things that are here:
a short sword; a kobold corpse
There is an ornate altar of the Wu Jian Council here.
Your magical contamination has completely faded away.
There is an ornate altar of the Wu Jian Council here.
You see here a stone.
You see here a stone.
There is a stone staircase leading up here.
You climb upwards.
There is a stone staircase leading down here.
You see here a ring mail.
You see here a short sword.
There is an open door here.
There is a staircase leading out of the dungeon here.
Are you sure you want to leave the Dungeon?
This will make you lose the game!
You have escaped!

.....##.##...##....#.#
.....##..######......#
.....###.# #......# ###
.....# #.##
#......##########[.
.....###..###
#......##..........
.......(....#
#.)##..##..........
.....####.#.#
##'##...)..........
######
#.#.###♣.♣##.##........#.
.#
#...##..@..#.##........#.
.#
##..###≈≈≈##.##........##
.###### #..#
#PPP#..##........##
......#
##.#######.###........†.
......#####)##......#
#..........
............##.######
########...
.............#.# #...
..###......#.#.# ####
..###......#..[#


There were no monsters in sight!

Vanquished Creatures
  An adder (D:2)
  A dart slug (D:1)
  A giant cockroach (D:2)
  4 goblins
  5 hobgoblins
  9 bats
  2 frilled lizards
  6 kobolds
  4 rats
33 creatures vanquished.

Notes
Turn   | Place    | Note
-------+----------+-------------------------------------------
     0 | D:1      | theAP the Formicid Venom Mage began the quest for the Orb.
     0 | D:1      | Reached XP level 1. HP: 13/13 MP: 3/3
   148 | D:1      | Reached XP level 2. HP: 20/20 MP: 1/5
   710 | D:2      | Reached XP level 3. HP: 25/25 MP: 2/6
   723 | D:2      | Reached skill level 5 in Poison Magic
   908 | D:2      | Reached skill level 1 in Fighting
  1165 | D:2      | Found an ornate altar of the Wu Jian Council.
  1245 | D:$      | Got out of the dungeon alive.

Vault maps used:
D:1:      tarquinn_simple_flora_water_e
D:2:      lemuel_coloured_pillars_altar, minitemple, first_bread,
          makhleb_heckhound_becter

Skill      XL: |  1  2  3 |
---------------+----------+-----
Poison Magic   | 5 |  5.0
Fighting       | 1 |  1.2
Dodging        | |  1.7
Stealth        | |  2.4
Spellcasting   | |  2.9
Conjurations   | |  0.8

Action                   || total
-------------------------++-------
Melee: Unarmed           ||    28
 Cast: Sting             ||    52
  Use: Scroll            ||     1
  Eat: Chunk             ||     1
Armor: Ring mail         ||    22
Dodge: Dodged            ||    34
